 Dungeon Crawl Stone Soup version 0.31-a0-198-g2ad674f65e (webtiles) character file.

Game seed: 11970224961277103399

35 qw the Shooter (level 3, -2/20 HPs)
             Began as a Deep Elf Hunter on June 25, 2023.
             Slain by a goblin
             ... wielding a +0 dagger
             ... led by Robin
              (3 damage)
             ... on level 2 of the Dungeon.
             The game lasted 00:00:19 (483 turns).

qw the Shooter (Deep Elf Hunter)                     Turns: 483, Time: 00:00:19

Health: -2/20      AC:  3    Str: 10    XL:     3   Next: 16%
Magic:  5/5        EV: 12    Int: 13    God:
Gold:   62         SH:  0    Dex: 18    Spells: 2/2 levels left

rFire   . . .        Y - +1 shortbow
rCold   . . .        (shield currently unavailable)
rNeg    . . .        c - +0 leather armour
rPois   .            (no helmet)
rElec   .            (no cloak)
rCorr   .            (no gloves)
SInv    .            (no boots)
Will    .....        (no amulet)
Stlth   ++           (no ring)
HPRegen 0.23/turn    (no ring)
MPRegen 0.09/turn

%: no passive effects
@: no status effects
A: no striking features
a: no special abilities


You were on level 2 of the Dungeon.
You visited 1 branch of the dungeon, and saw 2 of its levels.

You collected 62 gold pieces.


   Skills:
 - Level 1.5 Fighting
 + Level 6.7 Ranged Weapons
 - Level 2.4 Dodging
 - Level 1.2 Stealth


You had 2 spell levels left.
You didn't know any spells.
Your spell library was empty.

Inventory:

Hand Weapons
 Y - a +1 shortbow (weapon)
Armour
 b - a +0 ring mail
 c - a +0 leather armour (worn)
Potions
 a - a potion of magic {unknown}
 g - a potion of curing {unknown}

Dungeon Overview and Level Annotations

Branches:
Dungeon (2/15)

Altars:
The Shining One

Annotations:
D:2 Robin


Message History

Robin throws the goblin at you!
You shoot an arrow. The arrow hits the goblin.
You kill the goblin!
Robin roars a battlecry!
The goblin goes into a battle-frenzy!
The goblin hits you with a +0 dagger.
You shoot an arrow. The arrow barely misses the goblin.
The goblin hits you with a +0 dagger.
You shoot an arrow. The arrow hits the goblin!
You kill the goblin!
You shoot an arrow. The arrow hits Robin!
Robin is heavily wounded.
Robin roars a battlecry!
A hobgoblin comes into view.
A goblin comes into view. It is wielding a +0 dagger.
You shoot an arrow.
The arrow hits the hobgoblin but does no damage.
You shoot an arrow. The arrow hits the hobgoblin.
The hobgoblin is lightly wounded.
You shoot an arrow. The arrow barely misses the hobgoblin.
The hobgoblin hits you.
You shoot an arrow. The arrow hits Robin.
Robin is heavily wounded.
Robin barely misses you. The hobgoblin closely misses you.
You shoot an arrow. The arrow hits Robin!
Robin is almost dead.
Robin closely misses you. The hobgoblin hits you.
The hobgoblin hits you but does no damage.
Robin hits you with a +0 mace.
You shoot an arrow.
The arrow hits Robin but does no damage.
Robin is almost dead.
The goblin hits you with a +0 dagger. The hobgoblin closely misses you.
Robin throws the goblin at you!
You shoot an arrow.
The arrow hits Robin but does no damage.
Robin is almost dead.
The hobgoblin barely misses you. Robin hits you with a +0 mace.
The goblin hits you with a +0 dagger.
You die...

).. # #.# #.. # #.# #[#
# #)# #.# ## #.# #.# .##
#.# #.# ..#######.# #.#
# ..........####.###.##
..##............@g..#
.###.#########.gg....)).
## #.# ######.#### # #.#
# # #.# # #.# # #.# #.#


You could see Robin, a hobgoblin (strong) and a goblin (strong).

Vanquished Creatures
  A ball python (D:1)
  5 endoplasms
  2 giant cockroaches (D:1)
  7 goblins
  3 hobgoblins (D:1)
  3 quokkas
  3 bats (D:1)
  A frilled lizard (D:1)
  A kobold (D:1)
  3 rats (D:1)
29 creatures vanquished.

Notes
Turn   | Place    | Note
-------+----------+-------------------------------------------
     0 | D:1      | qw the Deep Elf Hunter began the quest for the Orb.
     0 | D:1      | Reached XP level 1. HP: 12/12 MP: 3/3
     0 | D:1      | 0 ||| qw: Version: 0.3-a-22-g0ed2b0b
     0 | D:1      | 0 ||| qw: Game counter: 5208
     0 | D:1      | 0 ||| qw: Melee chars always use a shield: true
     0 | D:1      | 0 ||| qw: God list: Okawaru
     0 | D:1      | 0 ||| qw: Allow faded altars: false
     0 | D:1      | 0 ||| qw: Do Orc after clearing Dungeon:15 true
     0 | D:1      | 0 ||| qw: Do second Lair branch before Depths: true
     0 | D:1      | 0 ||| qw: Lair rune preference: random
     0 | D:1      | 0 ||| qw: Goals: Normal
     0 | D:1      | 0 ||| PLANNING D:1-11
    85 | D:1      | Reached XP level 2. HP: 16/16 MP: 4/4
    94 | D:1      | Reached skill level 6 in Ranged Weapons
   383 | D:1      | 383 ||| READING scroll labelled YCITUL QODUXUNK.
   384 | D:1      | 384 ||| READING scroll labelled ONOCLE FOLIL.
   387 | D:1      | 387 ||| READING scroll labelled ERGHOA PITOUL.
   388 | D:1      | 388 ||| DROPPING scroll of butterflies.
   423 | D:2      | Found a glowing golden altar of the Shining One.
   467 | D:2      | Reached XP level 3. HP: 20/20 MP: 5/5
   470 | D:2      | Noticed Robin
   481 | D:2      | HP: 5/20 [Robin/+0 mace (4)]
   483 | D:2      | HP: 1/20 [Robin/+0 mace (2)]
   483 | D:2      | Slain by a goblin

Levels and vault maps discovered:
D:1:      lemuel_arrival_funnel, layout_basic
D:2:      layout_loops_ring, basic_altar, uniq_robin, uniq_jessica, uniq_sigmund

Skill      XL: |  1  2 |
---------------+-------+-----
Ranged Weapons | 6 |  6.7
Fighting       | |  1.5
Dodging        | |  2.4
Stealth        | |  1.2

Action                     || total
---------------------------++-------
   Fire: Shortbow          ||    78
    Use: Scroll            ||     3
 Armour: Leather armour    ||     9
  Dodge: Dodged            ||    11

Table legend:
 A = Non-vault XP
 B = Vault XP
 C = Vault XP percentage of total XP
 D = Non-vault monster count
 E = Vault monster count
 F = Vault count percentage of total count
                 A         B        C        D         E       F
            +---------+---------+-------+---------+---------+-------
      Total |      40 |      10 |  20.0 |      24 |       5 |  17.2
            +---------+---------+-------+---------+---------+-------
        D:1 |      34 |       0 |   0.0 |      21 |       0 |   0.0
        D:2 |       6 |      10 |  62.5 |       3 |       5 |  62.5
            +---------+---------+-------+---------+---------+-------
